 Dungeon Crawl Stone Soup version 0.31.0-11-ge490571c62 (webtiles) character file.

Game seed: 4980899481857463329

329 Buffagor the Insei (level 6, 0/70 HPs)
             Began as a Merfolk Shapeshifter on Jan 28, 2024.
             Was a Believer of Ru.
             Slain by a gnoll
             ... wielding a +0 club
             ... led by a gnoll bouda
              (4 damage)
             ... on level 5 of the Dungeon.
             The game lasted 00:10:28 (4347 turns).

Buffagor the Insei (Merfolk Shapeshifter)           Turns: 4347, Time: 00:10:29

Health: 0/70       AC: 23    Str: 15    XL:     6   Next: 51%
Magic:  6/6        EV:  2    Int:  9    God:    Ru [**....]
Gold:   365        SH:  0    Dex: 15    Spells: 5/5 levels left

rFire   . . .        G - +0 dagger (elec)
rCold   . . .        (no shield)
rNeg    . . .        a - melded +0 animal skin
rPois   +            (helmet currently unavailable)
rElec   .            (cloak currently unavailable)
rCorr   .            (gloves currently unavailable)
SInv    +            (boots currently unavailable)
Will    .....        (no amulet)
Stlth   +            F - ring of see invisible
HPRegen 0.31/turn    (no ring)
MPRegen 0.10/turn

%: no passive effects
@: tree-form (expiring)
A: stationary, stasis, torment immunity, boosted hp, no hexes magic, no ice
magic, no summoning magic, unskilled 1, (nimble swimmer 2), (mertail)
a: Renounce Religion


You were on level 5 of the Dungeon.
You worshipped Ru.
Ru was pleased with you.
You were a tree.
You visited 1 branch of the dungeon, and saw 5 of its levels.

You collected 365 gold pieces.

Inventory:

Hand Weapons
 G - a +0 dagger of electrocution (weapon)
Missiles
 K - a boomerang (quivered)
 L - 19 stones
 M - 4 poisoned darts
Armour
 a - a +0 animal skin (melded)
 n - a +2 hat
 o - a +2 pair of gloves
 E - a +0 helmet
Jewellery
 B - a ring of magical power
 F - a ring of see invisible (left branch)
Talismans
 c - a beast talisman
 d - a flux talisman
Wands
 l - a wand of charming (8)
 H - a wand of polymorph (6)
Scrolls
 e - 6 scrolls of identify {unknown}
 h - a scroll of amnesia {unknown}
 i - a scroll of butterflies {unknown}
 j - 2 scrolls of immolation {unknown}
 k - a scroll of noise {unknown}
 s - a scroll of enchant weapon {unknown}
 t - 2 scrolls of teleportation {unknown}
 u - 2 scrolls of fear {unknown}
 y - a scroll of enchant armour {unknown}
 A - a scroll of vulnerability {unknown}
 C - 2 scrolls of poison {unknown}
 D - a scroll of blinking {unknown}
 I - a scroll of silence {unknown}
Potions
 f - 3 potions of enlightenment {unknown}
 g - a potion of resistance {unknown}
 m - a potion of cancellation {unknown}
 p - a potion of invisibility {unknown}
 q - a potion of haste {unknown}
 r - a potion of might {unknown}
 v - a potion of berserk rage {unknown}
 w - a potion of mutation {unknown}
 x - a potion of ambrosia {unknown}
 z - a potion of brilliance {unknown}
 J - 2 potions of attraction {unknown}


   Skills:
 + Level 3.0 Fighting
 + Level 4.1 Dodging
 * Level 4.9 Unarmed Combat
 + Level 4.7 Shapeshifting


You had 5 spell levels left.
You didn't know any spells.
Your spell library contained the following spells:

 Spells                   Type           Power      Damage    Failure   Level
 Shock                    Conj/Air       0%         1d3       38%         1
 Swiftness                Air            0%         N/A       77%         3
 Airstrike                Air            0%         2d(0-16)  99%         4
 Iskenderun's Mystic Bla  Conj/Tloc      0%         2d3       99%         4
 Summon Ice Beast         Ice/Summ       Unusable   N/A       N/A         3
 Tukima's Dance           Hex            Unusable   N/A       N/A         3
 Dimensional Bullseye     Hex/Tloc       Unusable   N/A       N/A         4
 Summon Mana Viper        Hex/Summ       Unusable   N/A       N/A         5
 Monstrous Menagerie      Summ           Unusable   N/A       N/A         7

Dungeon Overview and Level Annotations

Branches:
Dungeon (5/15)
 Temple: D:4-7

Altars:
Ru
Xom

Shops:
D:2 (   D:3 :

Annotations:
D:1 2 transporters


Innate Abilities, Weirdness & Mutations

You are a tree.
Your roots penetrate the ground, keeping you stationary.
You cannot be teleported.
You are immune to unholy pain and torment.
Your maximum health is greatly increased.
Your equipment is partially melded.
You cannot study or cast Hexes magic.
You cannot study or cast Ice magic.
You cannot study or cast Summoning magic.
You are somewhat unskilled. (-1 Apt)
((You are very nimble when in or above water. (Stealth+, EV+, Speed+++)))
((Your lower body shifts to a powerful aquatic tail in water.))


Message History

The orc is heavily wounded.
The orc completely misses you. The orc hits you but does no damage.
You hit the orc but do no damage. Lightning courses through the orc!
You kill the orc!
The orc hits you but does no damage.
You hit the orc but do no damage. The gnoll hits you but does no damage.
The orc hits you but does no damage.
You barely miss the orc. The gnoll hits you but does no damage.
The orc hits you but does no damage.
You hit the orc.
The orc is heavily wounded.
The gnoll hits you but does no damage. The orc hits you but does no damage.
You closely miss the orc. You punch the orc.
You kill the orc!
The gnoll hits you but does no damage.
You hit the gnoll but do no damage.
You redirect the gnoll's attack!
The gnoll hits itself with a +0 club.
You barely miss the gnoll.
The gnoll is moderately wounded.
The gnoll hits you but does no damage.
You barely miss the gnoll.
The gnoll is moderately wounded.
The gnoll hits you but does no damage.
You hit the gnoll but do no damage.
The gnoll is moderately wounded.
The gnoll hits you with a +0 club.
* * * LOW HITPOINT WARNING * * *
You hit the gnoll. You punch the gnoll.
The gnoll is heavily wounded.
The gnoll hits you with a +0 club.
* * * LOW HITPOINT WARNING * * *
You closely miss the gnoll.
The gnoll is heavily wounded.
Your transformation is almost over.
The gnoll barely misses you.
You hit the gnoll but do no damage.
The gnoll is heavily wounded.
The gnoll hits you with a +0 club.
You die...

..# #..
... ##
#.#..
##.#. ...
##.##.#
#g<...#
#♣#####
#.......#
#).######
#...
....#
##.## .#
..


You could see a gnoll.

Vanquished Creatures
  A scorpion (D:4)
  2 iguanas (D:4)
  An orc wizard (D:5)
  2 gnolls (D:5)
  5 adders
  2 dart slugs
  2 ribbon worms
  12 orcs
  6 bats
  13 endoplasms
  4 giant cockroaches (D:1)
  7 goblins
  5 hobgoblins
  13 jackals
  10 kobolds
  6 quokkas
  4 ball pythons
  4 frilled lizards
  6 rats
105 creatures vanquished.

Vanquished Creatures (others)
  A kobold (D:2)
1 creature vanquished.

Grand Total: 106 creatures vanquished

Notes
Turn   | Place    | Note
-------+----------+-------------------------------------------
     0 | D:1      | Buffagor the Merfolk Shapeshifter began the quest for the
                  | Orb.
     0 | D:1      | Reached XP level 1. HP: 15/15 MP: 1/1
    70 | D:1      | Reached XP level 2. HP: 16/21 MP: 2/2
   394 | D:1      | You fall into a shaft and drop 1 floor!
   533 | D:1      | Reached XP level 3. HP: 26/26 MP: 3/3
   912 | D:1      | Found a faded altar of an unknown god.
   916 | D:1      | Prayed at the altar of an unknown god.
   916 | D:1      | Became a worshipper of Ru the Awakened
   927 | D:1      | Gained mutation: You are somewhat unskilled. (-1 Apt) [Ru
                  | sacrifice]
   927 | D:1      | Reached * piety under Ru
  1107 | D:2      | Found Witumock's Antique Weapon Boutique.
  1408 | D:2      | Reached XP level 4. HP: 33/33 MP: 4/4
  2290 | D:3      | Found a shimmering altar of Xom.
  2338 | D:3      | Found Yphepun's Book Shoppe.
  2648 | D:3      | Reached XP level 5. HP: 38/38 MP: 5/5
  2771 | D:4      | Gained mutation: You cannot study or cast Ice magic. [Ru
                  | sacrifice]
  2771 | D:4      | Gained mutation: You cannot study or cast Hexes magic. [Ru
                  | sacrifice]
  2771 | D:4      | Gained mutation: You cannot study or cast Summoning magic.
                  | [Ru sacrifice]
  2771 | D:4      | Reached ** piety under Ru
  3418 | D:4      | Reached XP level 6. HP: 46/46 MP: 6/6
  3843 | D:5      | Entered Level 5 of the Dungeon
  4345 | D:5      | HP: 3/70 [gnoll/+0 club[a gnoll bouda] (4)]
  4347 | D:5      | Slain by a gnoll

Illustrated notes

Levels and vault maps discovered:
D:1:      spicycebolla_arrival_transporter_tutorial, layout_loops_ring,
          hellmonk_ecumenical_altar_leap_of_faith
D:2:      layout_loops_corners, serial_shops, nicolae_shop_just_a_little_nook
D:3:      layout_loops_cross, amcnicky_altar_gilded, serial_shops,
          nicolae_shop_pleasant_corner_grove, minmay_crystal_room
D:4:      layout_basic
D:5:      cheibrodos_barr_body, layout_basic, grunt_ministairs_4

Skill      XL: |  1  2  3  4  5  6 |
---------------+-------------------+-----
Dodging        | 3 3 4 |  4.1
Shapeshifting  | 4 |  4.7
Fighting       | 2 3 |  3.0
Unarmed Combat | 4 |  4.9

Action                     |  1- 3 |  4- 6 || total
---------------------------+-------+-------++-------
  Melee: Unarmed           |    46 |    62 ||   108
         Punch             |     2 |     7 ||     9
         Dagger            |       |   117 ||   117
  Throw: Boomerang         |    46 |    30 ||    76
 Invoke: Sacrifice Skill   |     1 |       ||     1
         Sacrifice Arcana  |       |     1 ||     1
    Use: Potion            |       |     1 ||     1
   Stab: Distracted        |       |     1 ||     1
 Armour: Animal skin       |    23 |    81 ||   104
         Skin              |       |    27 ||    27
  Dodge: Dodged            |    17 |    89 ||   106
